 Dungeon Sprint DCSS version 0.30-a0-728-gc68057be0a (webtiles) character file.

Game seed: 9465269288173364279

9979 retardedninja the Impaler (level 11, -5/93 HPs)
             Began as a Demonspawn Gladiator on Jan 27, 2023.
             Was a Priest of Ru.
             Slain by a death yak (8 damage)
             ... in the Dungeon (Sprint IX: "|||||||||||||||||||||||||||||") on Jan 30, 2023.
             The game lasted 00:08:32 (2789 turns).

retardedninja the Impaler (Demonspawn Gladiator)    Turns: 2789, Time: 00:08:32

Health: -5/93      AC: 19    Str: 25    XL:     11   Next: 30%
Magic:  11/11      EV:  8    Int: 10    God:    Ru [***...]
Gold:   0          SH:  6    Dex: 14    Spells: 10/10 levels left

rFire   . . .      SeeInvis .    o - +4 halberd (venom)
rCold   . . .      Faith    .    (shield currently unavailable)
rNeg    . . .      Spirit   .    q - +3 chain mail
rPois   .          Reflect  .    c - +0 helmet
rElec   .          Harm     .    (no cloak)
rCorr   .          Rampage  .    t - +0 pair of gloves
Will    .....      NoTele   +    p - +0 pair of boots
Stlth   +                        (no amulet)
HPRegen 0.35/turn                r - +3 ring of strength
MPRegen 0.12/turn                s - +3 ring of strength

@: mighty
A: claws 2, large bone plates 2, powered by pain 3, inability to use devices,
inability to train dodging, demonic magic 2
a: Renounce Religion, Draw Out Power


You were in the Dungeon.
You worshipped Ru.
Ru was most pleased with you.
You visited 1 branch

Inventory:

Hand Weapons
 n - the +7 sceptre of Torment {pain, torment}
   (You found it in the Dungeon)
 o - a +4 halberd of venom (weapon)
Missiles
 d - 3 throwing nets (quivered)
 e - a javelin
Armour
 c - a +0 helmet (worn)
 p - a +0 pair of boots (worn)
 q - a +3 chain mail (worn)
 t - a +0 pair of gloves (worn)
Jewellery
 r - a +3 ring of strength (left hand)
 s - a +3 ring of strength (right hand)
Wands
 m - a wand of roots (10)
Scrolls
 j - a scroll of identify
 l - 2 scrolls of amnesia
Potions
 b - a potion of brilliance
 i - 4 potions of magic


   Skills:
 + Level 11.2 Fighting
 + Level 16.9 Polearms
 + Level 4.4 Throwing
 + Level 10.9 Armour
 + Level 8.6 Stealth
 + Level 5.3 Shields


You had 10 spell levels left.
You didn't know any spells.
Your spell library contained the following spells:

 Spells                   Type           Power      Damage    Failure   Level
 Kindle Blastsparks       Fire/Tloc/Air  0%         2d10      99%         3
 Fulminant Prism          Conj/Hex       0%         3d5       100%        4
 Iskenderun's Mystic Bla  Conj/Tloc      0%         2d3       100%        4
 Lee's Rapid Deconstruct  Erth           0%         3d4*      100%        5


Dungeon Overview and Level Annotations

Branches:
Dungeon (1/1)

Altars:
Cheibriados
Dithmenos
Fedhas
Gozag
Hepliaklqana
Kikubaaqudgha
Makhleb
Nemelex Xobeh
Okawaru
Qazlal
Ru
Sif Muna
Trog
Uskayaw
Vehumet
Wu Jian
Xom
Yredelemnul
Jiyva
Lugonu


Innate Abilities, Weirdness & Mutations

You have very sharp fingernails.
You are mostly covered in large bone plates. (SH +6)
You are powered by pain.
You cannot study or use magical devices.
You cannot train Dodging skill.
Spells you cast may paralyse nearby enemies.


Message History

You hit the death yak.
The death yak is lightly wounded.
The death yak is stunned by your conviction and fails to attack.
You puncture the death yak!
The death yak is lightly wounded.
The death yak completely misses you.
You hit the death yak but do no damage.
The death yak is poisoned.
The death yak is lightly wounded.
You slash the death yak!
The death yak looks as sick as possible!
The death yak is moderately wounded.
The death yak barely misses you.
You slash the death yak!
The death yak looks as sick as possible!
The death yak is heavily wounded.
You block the death yak's attack.
You hit the death yak.
The death yak looks as sick as possible!
The death yak is severely wounded.
You slice the death yak!!
The death yak looks as sick as possible!
The death yak is almost dead.
The death yak gores you!
* * * LOW HITPOINT WARNING * * *
You focus on the pain.
You feel very mighty all of a sudden.
You focus your inner power and blind the death yak in retribution!
You slash the death yak!
You kill the death yak!
You slice the death yak!!
The death yak is poisoned.
The death yak is moderately wounded.
The death yak gores you but does no damage.
You slice the death yak!!
The death yak looks as sick as possible!
The death yak is heavily wounded.
You impale the death yak!!
The death yak looks as sick as possible!
The death yak is almost dead.
The death yak gores you!
You die...

▓▓▓▓▓▓▓▓▓▓▓▓▓▓▓▓▓▓▓
+!@YY........†.....
▓▓▓▓▓▓▓▓▓▓▓▓▓▓▓▓▓▓▓▓▓▓▓▓▓▓▓▓▓▓▓▓▓
▓................................
▓.▓▓▓▓▓▓▓▓▓▓▓▓▓▓▓▓▓▓▓▓▓▓▓▓▓▓▓▓▓▓▓
▓..'....).)....[.).[..[.)..'_____
▓▓▓▓▓▓▓▓▓▓▓▓▓▓▓▓▓▓▓▓▓▓▓▓▓▓▓▓▓▓▓▓▓


You could see a death yak (extremely poisoned) and a yak.

Vanquished Creatures
  A centaur warrior (D)
  A two-headed ogre (D)
  A boulder beetle (D)
  6 death yaks (D)
  A black mamba (D)
  A gargoyle (D)
  3 cane toads (D)
  2 rime drakes (D)
  A kobold demonologist (D)
  A komodo dragon (D)
  A troll (D)
  A polar bear (D)
  A slime creature (D)
  2 yaks (D)
  2 wyverns (D)
  A vampire mosquito (D)
  A steam dragon (D)
  4 water moccasins (D)
  An ogre (D)
  A black bear (D)
  2 centaurs (D)
  2 bullfrogs (D)
  A scorpion (D)
  An iguana (D)
  An orc (D)
  A bat (D)
  2 giant cockroaches (D)
  2 ball pythons (D)
45 creatures vanquished.

Vanquished Creatures (others)
  A yak (D)
1 creature vanquished.

Grand Total: 46 creatures vanquished

Notes
Turn   | Place    | Note
-------+----------+-------------------------------------------
     0 | D        | retardedninja the Demonspawn Gladiator began the quest for
                  | the Orb.
     0 | D        | Reached XP level 1. HP: 16/16 MP: 1/1
     6 | D        | Reached skill level 3 in Polearms
   138 | D        | Noticed a scorpion
   138 | D        | Noticed an iguana
   138 | D        | Noticed an ogre
   138 | D        | Noticed a black bear
   142 | D        | Killed a black bear
   143 | D        | Reached skill level 5 in Polearms
   143 | D        | Reached skill level 1 in Armour
   143 | D        | Reached skill level 5 in Dodging
   143 | D        | Gained mutation: You sometimes gain a little power by
                  | taking damage. [demonic ancestry]
   143 | D        | Reached XP level 2. HP: 24/24 MP: 2/2
   143 | D        | Gained mutation: Spells you cast may paralyse adjacent
                  | enemies. [demonic ancestry]
   143 | D        | Reached XP level 3. HP: 29/29 MP: 3/3
   143 | D        | Gained mutation: You are partially covered in large bone
                  | plates. (SH +4) [demonic ancestry]
   143 | D        | Reached XP level 4. HP: 36/36 MP: 4/4
   147 | D        | Killed an ogre
   148 | D        | Reached skill level 6 in Polearms
   148 | D        | Gained mutation: You sometimes gain power by taking damage.
                  | [demonic ancestry]
   148 | D        | Reached XP level 5. HP: 27/43 MP: 5/5
   150 | D        | Reached skill level 7 in Polearms
   162 | D        | HP: 1/43 [poisoned by a scorpion]
   687 | D        | Found a snail-covered altar of Cheibriados.
   687 | D        | Found a shadowy altar of Dithmenos.
   687 | D        | Found a blossoming altar of Fedhas.
   687 | D        | Found an opulent altar of Gozag.
   688 | D        | Found a hazy altar of Hepliaklqana.
   689 | D        | Found a viscous altar of Jiyva.
   690 | D        | Found an ancient bone altar of Kikubaaqudgha.
   691 | D        | Found a corrupted altar of Lugonu.
   692 | D        | Found a burning altar of Makhleb.
   693 | D        | Found a sparkling altar of Nemelex Xobeh.
   694 | D        | Found an iron altar of Okawaru.
   695 | D        | Found a stormy altar of Qazlal.
   696 | D        | Found a sacrificial altar of Ru.
   697 | D        | Found a shimmering blue altar of Sif Muna.
   698 | D        | Found a bloodstained altar of Trog.
   699 | D        | Found a hide-covered altar of Uskayaw.
   700 | D        | Found a radiant altar of Vehumet.
   701 | D        | Found an ornate altar of the Wu Jian Council.
   702 | D        | Found a shimmering altar of Xom.
   703 | D        | Found a basalt altar of Yredelemnul.
   746 | D        | Became a worshipper of Ru the Awakened
   756 | D        | Found the +7 sceptre of Torment {pain, torment}
   797 | D        | Noticed a wyvern
   797 | D        | Noticed a wyvern
   797 | D        | Noticed a troll
   797 | D        | Noticed a centaur
   797 | D        | Noticed a yak
   797 | D        | Noticed a gargoyle
   802 | D        | Killed a gargoyle
   803 | D        | Reached skill level 5 in Fighting
   803 | D        | Reached skill level 9 in Polearms
   803 | D        | Gained mutation: You are powered by pain. [demonic
                  | ancestry]
   803 | D        | Reached XP level 6. HP: 27/52 MP: 6/6
   803 | D        | Gained mutation: Spells you cast may paralyse nearby
                  | enemies. [demonic ancestry]
   803 | D        | Reached XP level 7. HP: 29/57 MP: 7/7
   804 | D        | Killed a yak
   811 | D        | Killed a troll
   812 | D        | Reached skill level 10 in Polearms
   814 | D        | Killed a wyvern
   815 | D        | Gained mutation: You have sharp fingernails. [demonic
                  | ancestry]
   815 | D        | Reached XP level 8. HP: 63/65 MP: 8/8
   819 | D        | Reached skill level 11 in Polearms
  1014 | D        | Noticed a slime creature
  1014 | D        | Noticed a two-headed ogre
  1014 | D        | Noticed a centaur warrior
  1014 | D        | Noticed a kobold demonologist
  1024 | D        | Killed a kobold demonologist
  1025 | D        | Reached skill level 5 in Armour
  1025 | D        | Reached skill level 1 in Shields
  1030 | D        | Killed a centaur warrior
  1031 | D        | Reached skill level 12 in Polearms
  1031 | D        | Gained mutation: You have very sharp fingernails. [demonic
                  | ancestry]
  1031 | D        | Reached XP level 9. HP: 58/72 MP: 9/9
  1037 | D        | Killed a two-headed ogre
  1038 | D        | Reached skill level 13 in Polearms
  1337 | D        | Gained mutation: You cannot train Dodging skill. [Ru
                  | sacrifice]
  1337 | D        | Reached * piety under Ru
  1444 | D        | Noticed a rime drake
  1444 | D        | Noticed a cane toad
  1446 | D        | Noticed a rime drake
  1468 | D        | Killed a cane toad
  1470 | D        | Noticed a black mamba
  1471 | D        | Reached skill level 14 in Polearms
  1475 | D        | Killed a rime drake
  1491 | D        | Reached XP level 10. HP: 22/80 MP: 10/10
  1505 | D        | Killed a black mamba
  1515 | D        | HP: 4/82 [poisoned by a black mamba]
  2154 | D        | Upgraded the game from 0.30-a0-722-g3e6e8c874d to
                  | 0.30-a0-728-gc68057be0a
  2158 | D        | Noticed a boulder beetle
  2158 | D        | Noticed a death yak
  2160 | D        | Noticed a cane toad
  2178 | D        | Noticed a cane toad
  2185 | D        | Killed a death yak
  2186 | D        | Reached skill level 15 in Polearms
  2226 | D        | Killed a cane toad
  2245 | D        | Killed a boulder beetle
  2408 | D        | Killed a cane toad
  2409 | D        | Reached skill level 10 in Fighting
  2657 | D        | Noticed a death yak
  2657 | D        | Noticed a death yak
  2657 | D        | Noticed a death yak
  2657 | D        | Noticed a death yak
  2657 | D        | Noticed a death yak
  2664 | D        | Noticed a death yak
  2665 | D        | Killed a death yak
  2666 | D        | Reached skill level 16 in Polearms
  2677 | D        | Killed a death yak
  2678 | D        | Reached skill level 10 in Armour
  2678 | D        | Reached skill level 5 in Shields
  2678 | D        | Gained mutation: You are mostly covered in large bone
                  | plates. (SH +6) [demonic ancestry]
  2678 | D        | Reached XP level 11. HP: 34/92 MP: 11/11
  2718 | D        | Killed a death yak
  2737 | D        | Killed a death yak
  2740 | D        | HP: 3/92 [yak (12)]
  2777 | D        | Gained mutation: You cannot study or use magical devices.
                  | [Ru sacrifice]
  2777 | D        | Reached ** piety under Ru
  2777 | D        | Reached *** piety under Ru
  2785 | D        | HP: 2/93 [death yak (16)]
  2786 | D        | Killed a death yak
  2789 | D        | Slain by a death yak

Illustrated notes

Levels and vault maps discovered:
D:        linesprint [early_d, line_temple, items_1, d_10, items_2, lair_1,
          lair_end, items_3, orc_1, orc_end, items_4, d_15, swamp_1, shoals_1,
          snake_1, spider_1, d_20, vaults_1, items_5, swamp_end, shoals_end,
          snake_end, spider_end, vaults_end, d_27, items_6, zot_1, zot_end,
          crypt_end, forest_end, elf_end, slime_end, tomb_end, abyss_end,
          pan_hell_end]

Skill      XL: |  1  2  3  4  5  6  7  8  9 10 11 |
---------------+----------------------------------+-----
Polearms       | 5 6 9 10 12 14 16 | 16.9
Dodging        | 5 6 8 9 0 |  0.0
Throwing       | 2 3 4 |  4.4
Fighting       | 3 4 5 6 7 8 10 11 | 11.2
Armour         | 1 3 4 5 7 10 | 10.9
Stealth        | 2 3 6 7 8 |  8.6
Shields        | 1 3 5 |  5.3

Action                     |  1- 3 |  4- 6 |  7- 9 | 10-12 || total
---------------------------+-------+-------+-------+-------++-------
  Melee: Trident           |    19 |    15 |       |       ||    34
         Halberd           |       |     4 |    94 |   122 ||   220
 Invoke: Sacrifice Nimblen |       |       |     1 |       ||     1
         Sacrifice Artific |       |       |       |     1 ||     1
    Use: Potion            |     1 |     1 |     2 |    12 ||    16
         Scroll            |       |       |     4 |     5 ||     9
   Stab: Invisible         |       |     3 |     4 |       ||     7
         Distracted        |       |       |       |     1 ||     1
 Armour: Leather armour    |     6 |       |       |       ||     6
         Chain mail        |       |     1 |    47 |    23 ||    71
  Dodge: Dodged            |    17 |     6 |    38 |    26 ||    87
  Block: Other             |       |     1 |    18 |    15 ||    34

Table legend: (Time is in decaauts)
 A = Elapsed time spent in this place.
 B = Non-inter-level travel time spent in this place.
 C = Inter-level travel time spent in this place.
 D = Time resting spent in this place.
 E = Time spent auto-exploring this place.
 F = Levels seen in this place.
 G = Mean time per level.
                   A        B        C        D        E       F      G
               +--------+--------+--------+--------+--------+-----+--------+
         Total |   2717 |   2717 |      0 |   2112 |      0 |   1 | 2717.0 |
       Dungeon |   2717 |   2717 |      0 |   2112 |      0 |   1 | 2717.0 |
               +--------+--------+--------+--------+--------+-----+--------+

Top non-repeatable levels by time:
       D: 2717 daAuts
